 Dungeon Sprint DCSS version 0.31-a0-620-gd1cbd99268 (webtiles) character file.

Game seed: 1212271775234591359

116 sircluck the Ruffian (level 4, -1/50 HPs)
             Began as a Troll Berserker on Aug 23, 2023.
             Was a Follower of Trog.
             Slain by Sigmund
             ... wielding a +0 scythe
              (2 damage)
             ... in the Dungeon (Sprint I: "Red Sonja").
             The game lasted 00:01:26 (99 turns).

sircluck the Ruffian (Troll Berserker)                Turns: 99, Time: 00:01:27

Health: -1/50      AC:  4    Str: 27    XL:     4   Next: 69%
Magic:  3/3        EV: 11    Int:  3    God:    Trog [*.....]
Gold:   54         SH:  0    Dex:  9    Spells: 3/3 levels left

rFire   . . .        i - +0 giant spiked club
rCold   . . .        (shield currently unavailable)
rNeg    . . .        a - +0 animal skin
rPois   .            (helmet restricted)
rElec   .            (no cloak)
rCorr   .            (gloves unavailable)
SInv    .            (boots unavailable)
Will    .....        (no amulet)
Stlth   +            (no ring)
HPRegen 1.08/turn    (no ring)
MPRegen 0.08/turn

%: no teleportation
@: on berserk cooldown, slowed, very slow
A: large, unfitting armour, claws 3, regeneration 1, shaggy fur 1, tough skin 1
a: Renounce Religion, Berserk


You were in the Dungeon.
You worshipped Trog.
Trog was aware of your devotion.
You visited 1 branch You collected 54 gold pieces.

Inventory:

Hand Weapons
 i - a +0 giant spiked club (weapon)
Armour
 a - a +0 animal skin (worn)
Wands
 h - a wand of iceblast (9)
Scrolls
 g - a scroll of blinking
Potions
 b - a potion of curing
 c - a potion of heal wounds
 d - a potion of haste
 e - 2 potions of magic
 f - a potion of berserk rage


   Skills:
 + Level 5.1 Fighting
 + Level 5.1 Dodging
 + Level 6.1 Unarmed Combat


You had 3 spell levels left.
You didn't know any spells.
Your spell library was empty.

Dungeon Overview and Level Annotations

Branches:
Dungeon (1/1)

Altars:

Annotations:
D Sigmund


Innate Abilities, Weirdness & Mutations

You are too large for most types of armour.
You have claws for hands.
Your natural rate of healing is unusually fast.
You are covered in fur. (AC +1)
You have tough skin. (AC +1)


Message History

You feel yourself slow down.
You bump into the stone wall.
Something hits you but does no damage. Something barely misses you.
You completely miss something.
You hear some strange, mumbled words.
A magic dart appears from out of thin air!
The magic dart hits you.
You hear some strange, mumbled words.
A magic dart appears from out of thin air!
The magic dart hits you!
Unknown command.
You miss something. Something hits you.
You hear some strange, mumbled words.
You are more confused.
You hear some strange, mumbled words.
A magic dart appears from out of thin air!
The magic dart hits you.
You bump into the stone wall.
Something hits you!
You bump into the stone wall.
Something hits you.
You bump into the rock wall.
You hear some strange, mumbled words.
A magic dart appears from out of thin air!
The magic dart hits you.
You closely miss something.
You feel less confused.
You hear some strange, mumbled words.
A puff of flame appears from out of thin air!
The puff of flame hits you.
* * * LOW HITPOINT WARNING * * *
Something hits you!
* * * LOW HITPOINT WARNING * * *
You closely miss something.
You hear some strange, mumbled words.
A magic dart appears from out of thin air!
The magic dart hits you.
* * * LOW HITPOINT WARNING * * *
Something hits you.
* * * LOW HITPOINT WARNING * * *
Something hits you.
You die...

#############
#<.#..†..#@.+
#..)..#..'{.#
#..#####'####
#..# #..#
#..# ####
#..# #⌠⌠#
####


There were no monsters in sight!

Vanquished Creatures
  An ogre (D)
  Ijyb (D)
2 creatures vanquished.

Notes
Turn   | Place    | Note
-------+----------+-------------------------------------------
     0 | D        | sircluck the Troll Berserker began the quest for the Orb.
     0 | D        | Reached XP level 1. HP: 22/22 MP: 0/0
     2 | D        | Noticed Ijyb
     8 | D        | Killed Ijyb
     9 | D        | Reached skill level 4 in Unarmed Combat
     9 | D        | Reached XP level 2. HP: 31/31 MP: 1/1
    52 | D        | Noticed an ogre
    60 | D        | Killed an ogre
    61 | D        | Reached skill level 5 in Fighting
    61 | D        | Reached skill level 5 in Dodging
    61 | D        | Reached skill level 6 in Unarmed Combat
    61 | D        | Reached XP level 3. HP: 40/42 MP: 2/2
    61 | D        | Reached XP level 4. HP: 48/50 MP: 3/3
    78 | D        | Noticed Sigmund
    99 | D        | HP: 1/50 [something (6)]
    99 | D        | Slain by Sigmund

Illustrated notes

Levels and vault maps discovered:
D:        dungeon_sprint_1 [red_sonja_temple_1, red_sonja_temple_small_1]

Skill      XL: |  1  2 |
---------------+-------+-----
Fighting       | 3 5 |  5.1
Dodging        | 3 5 |  5.1
Unarmed Combat | 4 6 |  6.1

Action                     |  1- 3 |  4- 6 || total
---------------------------+-------+-------++-------
  Melee: Unarmed           |    12 |       ||    12
         Punch             |     1 |       ||     1
         Giant spiked club |       |    12 ||    12
 Invoke: Berserk           |     1 |     1 ||     2
 Armour: Animal skin       |       |     1 ||     1
  Dodge: Dodged            |     4 |     3 ||     7

Table legend: (Time is in decaauts)
 A = Elapsed time spent in this place.
 B = Non-inter-level travel time spent in this place.
 C = Inter-level travel time spent in this place.
 D = Time resting spent in this place.
 E = Time spent auto-exploring this place.
 F = Levels seen in this place.
 G = Mean time per level.
                   A        B        C        D        E       F      G
               +--------+--------+--------+--------+--------+-----+--------+
         Total |    115 |    115 |      0 |     49 |     10 |   1 |  115.0 |
       Dungeon |    115 |    115 |      0 |     49 |     10 |   1 |  115.0 |
               +--------+--------+--------+--------+--------+-----+--------+

Top non-repeatable levels by time:
       D: 115 daAuts
